 Dungeon Crawl Stone Soup version 0.32-a0-984-gb8cfe57ea9 (webtiles) character file.

Game seed: 8503415680437480877

17844 ongoing the Skirmisher (level 12, 0/101 HPs)
             Began as a Pale Draconian Hunter on Apr 21, 2024.
             Was a Priest of the Shining One.
             Slain by Kirke (18 damage)
             ... on level 11 of the Dungeon.
             The game lasted 00:25:58 (12132 turns).

ongoing the Skirmisher (Pale Draconian Hunter)     Turns: 12132, Time: 00:25:59

Health: 0/101      AC:  0    Str: 15    XL:     12   Next: 22%
Magic:  17/19      EV: 17    Int:  9    God:    the Shining One [***...]
Gold:   620        SH:  8    Dex: 19    Spells: 15/21 levels left

rFire   . . .        V - melded +0 orcbow
rCold   . . .        (shield currently unavailable)
rNeg    + . .        (body armour unavailable)
rPois   .            (helmet currently unavailable)
rElec   .            F - melded +0 cloak
rCorr   .            U - melded +1 pair of gloves of the Flute {Int+3 Stlth+}
SInv    .            u - melded +2 pair of boots "Tycorompith" {rF+ rN+ Dex+6 Stlth-}
Will    .....        Q - amulet of faith
Stlth   +            e - melded +6 ring of dexterity
HPRegen 0.36/turn    J - melded +5 ring of evasion
MPRegen 0.16/turn

%: faith
@: divinely shielded, pig-form, slowed, glowing, studying Polearms
A: fast, no casting, (steam breath), AC +8, small, unfitting armour,
(cold-blooded), (steam resistance)
a: Renounce Religion, Divine Shield, Cleansing Flame


You were on level 11 of the Dungeon.
You worshipped the Shining One.
The Shining One was most pleased with you.
You were a filthy swine.
You visited 2 branches of the dungeon, and saw 13 of its levels.

You collected 620 gold pieces.

Inventory:

Hand Weapons
 a - a +0 shortbow
 V - a +0 orcbow (melded)
Missiles
 c - 4 silver javelins
 h - 6 boomerangs
 i - 92 poisoned darts
 r - 10 curare-tipped darts (quivered)
 z - a throwing net
 G - 4 javelins
Armour
 u - the +2 pair of boots "Tycorompith" (melded) {rF+ rN+ Dex+6 Stlth-}
   (You found it on level 2 of the Dungeon)

   Dex+6:     It affects your dexterity (+6).
   rF+:       It protects you from fire.
   rN+:       It protects you from negative energy.
   Stlth-:    It makes you less stealthy.
 F - a +0 cloak (melded)
 O - a +0 pair of gloves
 U - the +1 pair of gloves of the Flute (melded) {Int+3 Stlth+}
   (You found it on level 8 of the Dungeon)

   Int+3:     It affects your intelligence (+3).
   Stlth+:    It makes you more stealthy.
Jewellery
 e - a +6 ring of dexterity (melded)
 n - a ring of positive energy
 w - an amulet of magic regeneration
 x - an amulet of the acrobat
 J - a +5 ring of evasion (melded)
 N - a +5 ring of evasion
 Q - an amulet of faith (around neck)
 T - a ring of fire
 X - a ring of protection from fire
Wands
 y - a wand of charming (11)
 E - a wand of flame (16)
 K - a wand of acid (5)
 S - a wand of warping (3)
Scrolls
 b - a scroll of butterflies
 f - a scroll of vulnerability {unknown}
 l - 3 scrolls of fog {unknown}
 t - 3 scrolls of teleportation
 v - a scroll of revelation {unknown}
 D - a scroll of blinking {unknown}
 H - a scroll of silence {unknown}
 I - 2 scrolls of immolation {unknown}
 L - 2 scrolls of noise {unknown}
 M - a scroll of amnesia {unknown}
 P - a scroll of poison {unknown}
 R - a scroll of identify
 W - 2 scrolls of fear {unknown}
 Y - a scroll of enchant armour {unknown}
Potions
 d - 2 potions of curing
 g - 3 potions of lignification {unknown}
 j - a potion of enlightenment {unknown}
 k - 2 potions of magic {unknown}
 m - 2 potions of cancellation {unknown}
 o - a potion of mutation {unknown}
 p - 5 potions of invisibility
 q - a potion of attraction {unknown}
 s - 2 potions of heal wounds {unknown}
 A - a potion of berserk rage {unknown}
 B - 3 potions of might {unknown}
 C - 2 potions of ambrosia {unknown}
 Z - a potion of resistance {unknown}


   Skills:
 - Level 8.0 Fighting
 - Level 14.0 Ranged Weapons
 + Level 5.6 Dodging
 - Level 0.8 Stealth
 - Level 5.0 Spellcasting
 - Level 7.0 Ice Magic
 - Level 6.0 Invocations


You had 15 spell levels left.
You knew the following spells:

 Your Spells              Type           Power      Damage    Failure   Level
a - Ozocubu's Armour      Ice            14%        N/A       4%          3
b - Frozen Ramparts       Ice            28%        1d5       4%          3

Your spell library contained the following spells:

 Spells                   Type           Power      Damage    Failure   Level
 Sandblast                Erth           4%         2d4       24%         1
 Static Discharge         Conj/Air       4%         3-4/arc   36%         2
 Passwall                 Erth           2%         N/A       58%         3
 Stone Arrow              Conj/Erth      4%         3d7       58%         3
 Metabolic Englaciation   Hex/Ice        4%         N/A       85%         5
 Airstrike                Air            1%         2d(1-17)  94%         4
 Summon Lightning Spire   Summ/Air       2%         N/A       94%         4


Dungeon Overview and Level Annotations

Branches:
Dungeon (12/15) Zot: 26767  Temple (1/1) D:7 Zot: 5969    Lair (0/5) D:8
    Orc (0/2) D:9

Altars:
Ashenzari
Cheibriados
Dithmenos
Elyvilon
Fedhas
Gozag
Hepliaklqana
Kikubaaqudgha
Makhleb
Nemelex Xobeh
Okawaru
Qazlal
Ru
Sif Muna
Trog
Uskayaw
Vehumet
Wu Jian
Xom
Yredelemnul
Zin
The Shining One

Shops:
D:2 [*?   D:3 (

Annotations:
D:11 Kirke


Innate Abilities, Weirdness & Mutations

You are a filthy swine.
You move quickly.
Your equipment is almost entirely melded.
You are incapable of wielding weapons or throwing items.
You cannot cast spells.
((You can breathe blasts of scalding, opaque steam.))
((Your pale cyan-grey scales are hard. (AC +8)))
You cannot fit into any form of body armour.
((You are cold-blooded and may be slowed by cold attacks.))
((You are immune to the effects of steam.))


Message History

The barbed spikes dig painfully into your body as you move.
* * * LOW HITPOINT WARNING * * *
Kirke misses you.
The barbed spikes dig painfully into your body as you move.
* * * LOW HITPOINT WARNING * * *
Kirke hits you!
* * * LOW HITPOINT WARNING * * *
You feel better. Kirke barely misses you. Kirke hits you.
* * * LOW HITPOINT WARNING * * *
Aiming: Corrosive Bolt
Press: ? - help, Shift-Dir - straight line, f/p - Kirke
Aim: Kirke (heavily wounded, skewered by barbs, haloed, 81% to hit)
The bolt of acid hits Kirke!
The acid corrodes Kirke!
Kirke is heavily wounded.
Kirke closely misses you.
Okay, then.
A divine shield forms around you!
You carefully extract the barbed spikes from your body.
Kirke closely misses you.
Kirke gestures wildly while chanting.
Kirke summons a manticore!
Activating: Cleansing Flame (34% risk of failure)
Press: ? - help, Dir - look around, f - activate You fail to use your ability.
Kirke hits you!
* * * LOW HITPOINT WARNING * * *
Activating: Cleansing Flame (34% risk of failure)
Press: ? - help, Dir - look around, f - activate You fail to use your ability.
Kirke hits you.
* * * LOW HITPOINT WARNING * * *
You block the manticore's attack. The manticore barely misses you.
The manticore misses you.
Kirke points at you and mumbles some strange words.
You struggle to resist.
The manticore bites you!
* * * LOW HITPOINT WARNING * * *
The manticore barely misses you. The manticore claws you!
The Shining One protects you from harm!
You feel better.
Kirke is no longer covered in acid.
Kirke barely misses you. You block the manticore's attack.
The manticore closely misses you. x2
You feel better. Kirke hits you!!
You die...

###########
#.......[.#
#.......H.#
#......h@>#
############
#####.#####
#..........#
#..#
#..........#
#..#
#...........
#..#
##..........#
#..#
#...#########
#..# #.###
#..#####.#
########
#...#....#
##.....#.


You could see Kirke and a manticore (summoned).

Vanquished Creatures
  Josephine (D:11)
  A boulder beetle (D:11)
  4 two-headed ogres
  A cyclops (D:8)
  A manticore (D:11)
  An unseen horror (D:12)
  A kobold demonologist (D:10)
  3 trolls
  A hornet (D:9)
  Prince Ribbit (D:5)
  Sigmund (D:2)
  5 wyverns
  2 shadows
  6 wraiths (D:11)
  2 steam dragons
  5 hogs (D:12)
  22 yaks
  3 basilisks
  2 acid dragons
  4 water moccasins
  3 ice beasts
  2 sky beasts
  8 orc warriors
  3 black bears
  2 ogres (D:5)
  5 centaurs
  A phantom (D:4)
  8 kobold brigands
  3 bullfrogs
  3 scorpions
  3 wights (D:10)
  3 killer bees (D:8)
  4 howler monkeys
  A bombardier beetle (D:5)
  8 orc priests
  2 jellies (D:6)
  Crazy Yiuf (D:6)
  2 hounds
  A gnoll bouda (D:7)
  4 iguanas
  15 orc wizards
  Robin (D:3)
  6 gnolls
  9 adders
  2 shadow imps
  2 ufetubi (D:5)
  4 dart slugs
  3 ribbon worms
  37 orcs
  16 ball pythons
  5 bats
  6 endoplasms
  2 giant cockroaches
  9 hobgoblins
  8 jackals
  2 quokkas
  6 frilled lizards
  17 goblins
  51 kobolds
  2 rats
337 creatures vanquished.

Notes
Turn   | Place    | Note
-------+----------+-------------------------------------------
     0 | D:1      | ongoing the Draconian Hunter began the quest for the Orb.
     0 | D:1      | Reached XP level 1. HP: 17/17 MP: 1/1
     1 | D:1      | You fall into a shaft and drop 1 floor!
    65 | D:2      | Found a faded altar of an unknown god.
    90 | D:2      | Found Vopt's Assorted Antiques.
   100 | D:2      | Reached skill level 4 in Ranged Weapons
   105 | D:2      | Reached XP level 2. HP: 24/24 MP: 2/2
   114 | D:2      | Found Kijuusti's Magic Scroll Shoppe.
   147 | D:2      | Reached XP level 3. HP: 13/29 MP: 3/3
   448 | D:2      | Found Beuc's Antique Armour Boutique.
   760 | D:2      | Reached skill level 5 in Ranged Weapons
   762 | D:2      | Noticed Sigmund
   772 | D:2      | Noticed Robin
   883 | D:3      | Reached XP level 4. HP: 26/37 MP: 4/4
   887 | D:3      | Killed Robin
  1120 | D:3      | Found Hezeo's Weapon Emporium.
  1407 | D:4      | Noticed a phantom
  1418 | D:4      | Killed a phantom
  1419 | D:4      | Reached XP level 5. HP: 38/46 MP: 4/8
  1486 | D:4      | Noticed a black bear
  2120 | D:2      | Identified the +2 pair of boots "Tycorompith" {rF+ rN+
                  | Dex+6 Stlth-}
  2137 | D:2      | Learned a level 3 spell: Ozocubu's Armour
  2141 | D:2      | Learned a level 3 spell: Frozen Ramparts
  2250 | D:2      | Killed Sigmund
  2251 | D:2      | Reached XP level 6. HP: 50/52 MP: 10/10
  2797 | D:4      | Your scales start taking on a pale cyan-grey colour.
  2797 | D:4      | Reached XP level 7. HP: 45/59 MP: 11/11
  2797 | D:4      | Gained mutation: You are immune to the effects of steam.
                  | [Pale Draconian growth]
  3446 | D:5      | Entered Level 5 of the Dungeon
  3492 | D:5      | Noticed Prince Ribbit
  3494 | D:5      | Killed Prince Ribbit
  3495 | D:5      | Reached skill level 5 in Ice Magic
  3526 | D:5      | Reached skill level 6 in Ranged Weapons
  3703 | D:5      | Reached XP level 8. HP: 66/66 MP: 8/12
  3786 | D:5      | Reached skill level 7 in Ranged Weapons
  4363 | D:5      | Reached skill level 8 in Ranged Weapons
  5183 | D:6      | Found a shimmering blue altar of Sif Muna.
  5231 | D:6      | Reached XP level 9. HP: 68/71 MP: 15/15
  5541 | D:6      | Reached skill level 5 in Spellcasting
  5567 | D:6      | Found a shadowy altar of Dithmenos.
  5710 | D:6      | Found a runed translucent door.
  5711 | D:6      | Noticed Crazy Yiuf
  5897 | D:6      | Killed Crazy Yiuf
  6046 | D:7      | Reached skill level 5 in Fighting
  6503 | D:7      | Found a staircase to the Ecumenical Temple.
  6512 | Temple   | Entered the Ecumenical Temple
  6527 | Temple   | Became a worshipper of the Shining One
  7041 | D:8      | Found a hazy altar of Hepliaklqana.
  7184 | D:8      | Noticed a cyclops
  7210 | D:8      | Killed a cyclops
  7211 | D:8      | Reached skill level 9 in Ranged Weapons
  7425 | D:8      | Reached skill level 10 in Ranged Weapons
  7425 | D:8      | Reached XP level 10. HP: 83/83 MP: 17/17
  7600 | D:8      | Reached skill level 11 in Ranged Weapons
  7697 | D:8      | Found a staircase to the Lair.
  8042 | D:8      | Identified the +1 pair of gloves of the Flute {Int+3
                  | Stlth+}
  8447 | D:9      | Reached skill level 12 in Ranged Weapons
  8929 | D:9      | Reached * piety under the Shining One
  9244 | D:9      | Reached XP level 11. HP: 89/89 MP: 18/18
  9739 | D:9      | Noticed a two-headed ogre
  9752 | D:9      | Killed a two-headed ogre
  9753 | D:9      | Reached skill level 13 in Ranged Weapons
  9965 | D:9      | Found a staircase to the Orcish Mines.
 10150 | D:10     | Entered Level 10 of the Dungeon
 10411 | D:10     | Noticed a two-headed ogre
 10419 | D:10     | Killed a two-headed ogre
 10542 | D:10     | Reached ** piety under the Shining One
 10907 | D:10     | Reached skill level 14 in Ranged Weapons
 10911 | D:10     | Reached skill level 1 in Invocations
 11133 | D:11     | Noticed a two-headed ogre
 11149 | D:11     | Killed a two-headed ogre
 11150 | D:11     | Reached skill level 5 in Invocations
 11437 | D:11     | Noticed Josephine
 11449 | D:11     | Killed Josephine
 11449 | D:11     | Reached *** piety under the Shining One
 11601 | D:11     | Noticed a boulder beetle
 11635 | D:11     | Reached XP level 12. HP: 91/101 MP: 16/19
 11682 | D:11     | Killed a boulder beetle
 11919 | D:12     | Noticed a two-headed ogre
 11928 | D:11     | Killed a two-headed ogre
 11943 | D:12     | Reached skill level 5 in Dodging
 12052 | D:12     | Noticed Kirke
 12130 | D:11     | HP: 1/101 [manticore[Kirke] (12)]
 12130 | D:11     | The Shining One protects you from harm!
 12132 | D:11     | Slain by Kirke

Illustrated notes

Levels and vault maps discovered:
D:1:      saegor_arrival_simple_d, layout_rooms
D:2:      layout_basic, serial_shops, shop, shop, shop,
          shapermc_ecumenical_altar_petra, minmay_misc_feat_ornament,
          minmay_shallow_snake_nest, uniq_robin, uniq_sigmund
D:3:      layout_rooms, serial_shops, shop
D:4:      kennysheep_kobold_camp, layout_basic
D:5:      nicolae_cairo_tiling, layout_basic, minmay_manual_macuahuitl,
          uniq_prince_ribbit1
D:6:      layout_loops_ring, grunt_dithmenos_shadows, kennysheep_mini,
          uniq_crazy_yiuf_cottage
D:7:      layout_loops_ring, minmay_temple_entry_mist, grunt_ministairs_5,
          nicolae_letterblocks [nicolae_letter_subblock,
          nicolae_letter_subblock, nicolae_letter_subblock,
          nicolae_letter_subblock, nicolae_letter_subblock,
          nicolae_letter_subblock, nicolae_letter_subblock,
          nicolae_letter_subblock, nicolae_letter_subblock,
          nicolae_letter_subblock, nicolae_letter_subblock,
          nicolae_letter_subblock, nicolae_letter_subblock,
          nicolae_letter_subblock, nicolae_letter_subblock,
          nicolae_letter_subblock, nicolae_letter_subblock,
          nicolae_letter_subblock, nicolae_letter_subblock,
          nicolae_letter_subblock, nicolae_letter_subblock,
          nicolae_letter_subblock, nicolae_letter_subblock,
          nicolae_letter_subblock, nicolae_letter_subblock]
D:8:      layout_basic, nicolae_overflow_crystal_walls, minmay_lair_entry_grove,
          grunt_decor_resistance, minmay_quadrilaterals
D:9:      layout_layer_cave, david_orc_4, hangedman_decor_push
D:10:     layout_loops_ring
D:11:     layout_rooms, minmay_misc_feat_tiny, uniq_josephine
D:12:     layout_loops_cross, gammafunk_ghost_smash, serial_shops,
          nicolae_shop_tiny_real_fake_doors, uniq_kirke
Temple:   hellmonk_temple_of_storms

Skill      XL: |  1  2  3  4  5  6  7  8  9 10 11 12 |
---------------+-------------------------------------+-----
Ranged Weapons | 4 5 6 8 10 12 14 | 14.0
Fighting       | 4 6 8 |  8.0
Spellcasting   | 2 3 4 5 |  5.0
Ice Magic      | 2 4 5 6 7 |  7.0
Invocations    | 6 |  6.0
Dodging        | 3 5 |  5.6
Stealth        | |  0.8

Action                     |  1- 3 |  4- 6 |  7- 9 | 10-12 || total
---------------------------+-------+-------+-------+-------++-------
  Melee: Shortbow          |       |       |     4 |       ||     4
         Tailslap          |       |       |     1 |       ||     1
         Orcbow            |       |       |       |     2 ||     2
   Fire: Shortbow          |   103 |   209 |   465 |   142 ||   919
         Orcbow            |       |       |       |   456 ||   456
  Throw: Dart              |       |       |       |     1 ||     1
   Cast: Ozocubu's Armour  |       |       |    16 |    30 ||    46
         Frozen Ramparts   |       |       |     2 |     7 ||     9
 Invoke: Divine Shield     |       |       |       |     1 ||     1
Ability: Steam Breath      |       |       |     8 |       ||     8
  Evoke: Wand              |       |       |       |     1 ||     1
    Use: Scroll            |       |       |     3 |     1 ||     4
         Potion            |       |       |     1 |     3 ||     4
 Armour: Skin              |    75 |    69 |   238 |   213 ||   595
  Dodge: Dodged            |    57 |    44 |   241 |   331 ||   673
  Block: Other             |       |       |       |     2 ||     2

Table legend: (Time is in decaauts)
 A = Elapsed time spent in this place.
 B = Non-inter-level travel time spent in this place.
 C = Inter-level travel time spent in this place.
 D = Time resting spent in this place.
 E = Time spent auto-exploring this place.
 F = Levels seen in this place.
 G = Mean time per level.
                   A        B        C        D        E       F      G
               +--------+--------+--------+--------+--------+-----+--------+
         Total |  12164 |  11781 |    383 |   1347 |   7787 |  13 |  935.7 |
       Dungeon |  12133 |  11764 |    369 |   1347 |   7787 |  12 | 1011.1 |
        Temple |     30 |     16 |     14 |      0 |      0 |   1 |   30.0 |
               +--------+--------+--------+--------+--------+-----+--------+

Top non-repeatable levels by time:
     D:9: 1719 daAuts
     D:8: 1434 daAuts
     D:5: 1284 daAuts
     D:6: 1247 daAuts
     D:2: 1208 daAuts
     D:4: 1029 daAuts
     D:7: 969 daAuts
    D:11: 963 daAuts
    D:10: 838 daAuts
     D:3: 662 daAuts
     D:1: 608 daAuts
    D:12: 167 daAuts
  Temple: 30 daAuts
